 Dungeon Crawl Stone Soup version 0.29.0-4-gdea44cf6ec (webtiles) character file.

Game seed: 9874877658366018274

37 qw the Chopper (level 3, -3/21 HPs)
             Began as a Tengu Warper on Aug 28, 2022.
             Killed from afar by an orc wizard (7 damage)
             ... with a magic dart
             ... on level 2 of the Dungeon.
             The game lasted 00:00:05 (1068 turns).

qw the Chopper (Tengu Warper)                       Turns: 1068, Time: 00:00:06

Health: -3/21      AC:  5    Str: 13    XL:     3   Next: 41%
Magic:  7/7        EV: 11    Int: 13    God:
Gold:   34         SH:  0    Dex: 13    Spells: 6/6 levels left

rFire   . . .      SeeInvis .   Y - +0 hand axe
rCold   . . .      Faith    .   (no shield)
rNeg    . . .      Spirit   .   e - +0 ring mail
rPois   .          Reflect  .   (helmet restricted)
rElec   .          Harm     .   (no cloak)
rCorr   .          Rampage  .   (no gloves)
Will    .....                   (boots unavailable)
Stlth   ..........              (no amulet)
HPRegen 0.07/turn               (no ring)
MPRegen 0.10/turn               (no ring)

@: confused
A: beak, talons 3
a: no special abilities


You were on level 2 of the Dungeon.
You visited 1 branch of the dungeon, and saw 2 of its levels.

You collected 34 gold pieces.


Innate Abilities, Weirdness & Mutations

You have a beak for a mouth.
You have claws for feet.


   Skills:
 - Level 2.0 Fighting
 + Level 4.1 Axes
 - Level 1.0 Throwing
 - Level 1.1 Armour
 - Level 2.1 Dodging
 - Level 2.0 Spellcasting
 - Level 2.4 Translocations


You had 6 spell levels left.
You didn't know any spells.
Your spell library contained the following spells:

 Spells                   Type           Power      Damage    Failure   Level
 Blink                    Tloc           14%        N/A       30%         2
 Gell's Gravitas          Tloc           7%         N/A       52%         3
 Lesser Beckoning         Tloc           7%         N/A       52%         3
 Teleport Other           Tloc           7%         N/A       52%         3
 Manifold Assault         Tloc           7%         N/A       99%         5

Inventory:

Hand Weapons
 f - a +0 club
 Y - a +0 hand axe (weapon)
Armour
 a - a +0 scale mail
 e - a +0 ring mail (worn)
Scrolls
 b - a scroll of butterflies {unknown}
Potions
 g - a potion of berserk rage {unknown}
 h - a potion of mutation {unknown}

Dungeon Overview and Level Annotations

Branches:
Dungeon (2/15)

Altars:

Annotations:
D:2 Robin


Message History

You hit the hobgoblin. You claw the hobgoblin.
You kill the hobgoblin!
You barely miss the orc wizard.
You claw the orc wizard, but do no damage.
You peck the orc wizard, but do no damage.
You hit the orc. The orc hits you with a +0 dagger.
The orc wizard gestures at you while chanting.
The magic dart hits you.
You hit the orc.
The orc is severely wounded.
You hit the orc wizard but do no damage.
The orc hits you with a +0 dagger.
The orc wizard points at you and mumbles some strange words.
You are confused.
You closely miss the orc wizard. You hit the orc.
You kill the orc!
The orc wizard hits you but does no damage.
You bump into the rock wall.
The goblin hits you but does no damage.
The orc wizard gestures at you while chanting.
You are more confused.
You completely miss the orc wizard. You claw the orc wizard.
The orc wizard is lightly wounded.
You hit the goblin but do no damage. The goblin hits you but does no damage.
The orc wizard gestures at you while chanting.
You resist with significant effort.
An orc comes into view. It is wielding a +0 dagger.
You bump into the rock wall.
The orc shouts!
The orc wizard points at you and mumbles some strange words.
You are more confused.
The goblin hits you with a +0 club.
Robin roars a battlecry!
The goblins go into a battle-frenzy!
You're too confused to move!
The orc wizard gestures at you while chanting.
The magic dart hits you!
You die...

#.##.#..#........
###.##
#.#...#...#######
#.# #.........#
#. #..###.#..# #
##.## ##...#
#..## ##..####
#.#.## #gg..$#.
#.###.####ggo....
#.# ##.##@####
#.# ##.o## ##
#.)## #..## #.#.
#.##. #. #. # #.
#.


You could see Robin, an orc wizard, an orc and 3 goblins.

Vanquished Creatures
  2 orcs (D:2)
  2 ball pythons
  2 endoplasms
  A giant cockroach (D:2)
  10 goblins
  2 hobgoblins
  2 kobolds (D:1)
  3 quokkas (D:1)
  A bat (D:2)
  2 frilled lizards (D:1)
  3 rats (D:1)
30 creatures vanquished.

Notes
Turn   | Place    | Note
-------+----------+-------------------------------------------
     0 | D:1      | qw the Tengu Warper began the quest for the Orb.
     0 | D:1      | Reached XP level 1. HP: 12/12 MP: 4/4
     0 | D:1      | 0 ||| qw: Version: 0.1-a-89-g26bdef1
     0 | D:1      | 0 ||| qw: Game counter: 224
     0 | D:1      | 0 ||| qw: Always use a shield: true
     0 | D:1      | 0 ||| qw: God list: Okawaru
     0 | D:1      | 0 ||| qw: Allow faded altars: false
     0 | D:1      | 0 ||| qw: Do Orc after D:15 true
     0 | D:1      | 0 ||| qw: Do second Lair branch before Depths: true
     0 | D:1      | 0 ||| qw: Lair rune preference: random
     0 | D:1      | 0 ||| qw: Plans: Normal
     0 | D:1      | 0 ||| PLANNING D:1-11
   262 | D:1      | Reached skill level 3 in Axes
   262 | D:1      | Reached XP level 2. HP: 9/17 MP: 6/6
   446 | D:1      | 446 ||| Stepping ~*~*~tactically~*~*~ (stealth).
   448 | D:1      | 448 ||| Stepping ~*~*~tactically~*~*~ (stealth).
   753 | D:1      | Found a faded altar of an unknown god.
   849 | D:1      | 849 ||| UPGRADING to +0 ring mail.
   859 | D:1      | 859 ||| DROPPING +0 leather armour.
   860 | D:1      | 860 ||| READING scroll labelled KUPLULE BATIKHUX.
   861 | D:1      | 861 ||| DROPPING scroll of blinking.
  1039 | D:2      | 1039 ||| Stepping ~*~*~tactically~*~*~ (hiding).
  1042 | D:2      | 1042 ||| Stepping ~*~*~tactically~*~*~ (hiding).
  1048 | D:2      | Reached XP level 3. HP: 14/21 MP: 7/7
  1057 | D:2      | Noticed Robin
  1059 | D:2      | Reached skill level 4 in Axes
  1063 | D:2      | HP: 5/21 [orc/+0 dagger (2)]
  1068 | D:2      | Killed from afar by an orc wizard

Levels and vault maps discovered:
D:1:      minmay_arrival_three_doors, layout_rooms, basic_ecumenical_altar
D:2:      layout_loops_ring, uniq_robin, uniq_crazy_yiuf_cottage

Skill      XL: |  1  2  3 |
---------------+----------+-----
Axes           | 3 4 |  4.1
Fighting       | |  2.0
Throwing       | |  1.0
Armour         | |  1.1
Dodging        | |  2.1
Spellcasting   | |  2.0
Translocations | |  2.4

Action                   || total
-------------------------++-------
Melee: Hand axe          ||    58
       Kick              ||    14
       Peck              ||     8
       Punch             ||     1
Throw: Boomerang         ||     7
  Use: Scroll            ||     1
Armor: Leather armour    ||     7
       Ring mail         ||    12
Dodge: Dodged            ||    19

Table legend:
 A = Non-vault XP
 B = Vault XP
 C = Vault XP percentage of total XP
 D = Non-vault monster count
 E = Vault monster count
 F = Vault count percentage of total count
                 A         B        C        D         E       F
            +---------+---------+-------+---------+---------+-------
      Total |      39 |      15 |  27.8 |      22 |       8 |  26.7
            +---------+---------+-------+---------+---------+-------
        D:1 |      23 |       0 |   0.0 |      14 |       0 |   0.0
        D:2 |      16 |      15 |  48.4 |       8 |       8 |  50.0
            +---------+---------+-------+---------+---------+-------
